General information
- name: BNet
- type: Ladder team game (AT/RT)
- host: Battle.net
- saver: dirtmcwordup
map: LostTemple
- players: 4
- length: 26:19
- speed: Fast
- version: 1.21 W3XP
- replay type:

» download(199 KB)
Players
team 1 (winner)
dirtmcwordup (
orange | 143 APM | 3755 actions | 26:19)
5 Demon Hunter
3 Mana Burn
2 Evasion
5 Keeper of the Grove
3 Entangling Roots
2 Thorns Aura
» actions
| Assign group hotkey | 28 | |
| Basic commands | 125 | |
| Build / train | 63 | |
| ESC pressed | 3 | |
| Enter build submenu | 14 | |
| Enter hero's abilities submenu | 10 | |
| Give item / drop item | 4 | |
| Right click | 1598 | |
| Select / deselect | 346 | |
| Select group hotkey | 1431 | |
| Use ability | 133 | |
3755 total
» units
| Wisp | 14 | |
| Huntress | 4 | |
| Dryad | 8 | |
| Druid of the Claw | 4 | |
30 total
» upgrades
| Abolish Magic | 1 | |
| Druid of the Claw Training | 2 | |
| Strength of the Wild | 1 | |
| Well Spring | 1 | |
| Ultravision | 1 | |
| Reinforced Hides | 1 | |
| Nature's Blessing | 1 | |
8 total
» buildings
| Altar of Elders | 1 | |
| Moon Well | 5 | |
| Hunter's Hall | 1 | |
| Ancient of War | 1 | |
| Tree of Ages | 1 | |
| Ancient of Lore | 4 | |
| Tree of Eternity | 1 | |
| Ancient of Wonders | 1 | |
| Tree of Life | 1 | |
16 total
» build order
00:13 Altar of Elders
00:15 Moon Well
01:41 Hunter's Hall
01:48 Ancient of War
02:05 Moon Well
03:21 Tree of Ages
03:43 Moon Well
06:50 Ancient of Lore
06:51 Ancient of Lore
08:33 Ancient of Lore
08:34 Ancient of Lore
09:08 Tree of Eternity
10:08 Moon Well
13:19 Moon Well
13:59 Ancient of Wonders
18:31 Tree of Life
» items
| Scroll of Town Portal | 2 | |
| Boots of Speed | 1 | |
| Staff of Teleportation | 1 | |
| Scroll of Healing | 2 | |
| Scroll of Protection | 2 | |
| Orb of Venom | 1 | |
| Staff of Preservation | 2 | |
11 total
Mata. (
green | 186 APM | 4909 actions | 26:19)
5 Archmage
3 Summon Water Elemental
2 Brilliance Aura
4 Mountain King
2 Storm Bolt
2 Bash
1 Paladin
1 Holy Light
» actions
| Assign group hotkey | 482 | |
| Basic commands | 134 | |
| Build / train | 141 | |
| Enter build submenu | 30 | |
| Enter hero's abilities submenu | 10 | |
| Remove unit from queue | 3 | |
| Right click | 1911 | |
| Select / deselect | 878 | |
| Select group hotkey | 1125 | |
| Use ability | 195 | |
4909 total
» units
| Peasant | 55 | |
| Footman | 15 | |
| Priest | 7 | |
| Sorceress | 2 | |
| Rifleman | 1 | |
| Flying Machine | 3 | |
| Mortar Team | 4 | |
| Spell Breaker | 3 | |
90 total
» upgrades
| Fragmentation Shards | 1 | |
| Flare | 1 | |
| Gunpowder | 1 | |
| Priest Training | 1 | |
4 total
» buildings
| Altar of Kings | 1 | |
| Barracks | 1 | |
| Farm | 14 | |
| Scout Tower | 12 | |
| Arcane Tower | 9 | |
| Town Hall | 1 | |
| Keep | 1 | |
| Arcane Sanctum | 1 | |
| Blacksmith | 1 | |
| Arcane Vault | 1 | |
| Workshop | 1 | |
| Lumber Mill | 1 | |
| Castle | 2 | |
| Cannon Tower | 4 | |
| Guard Tower | 2 | |
52 total
» build order
00:05 Altar of Kings
00:18 Barracks
00:20 Farm
01:05 Farm
01:39 Scout Tower
01:44 Farm
02:04 Farm
02:11 Arcane Tower
03:39 Scout Tower
03:54 Arcane Tower
03:55 Arcane Tower
03:55 Scout Tower
03:56 Scout Tower
07:33 Town Hall
08:42 Keep
12:20 Arcane Sanctum
12:31 Scout Tower
12:31 Scout Tower
13:04 Arcane Tower
14:04 Blacksmith
16:59 Arcane Vault
17:38 Scout Tower
17:39 Scout Tower
17:39 Scout Tower
17:40 Scout Tower
17:40 Scout Tower
17:41 Scout Tower
18:02 Workshop
18:04 Farm
18:10 Lumber Mill
18:24 Arcane Tower
18:24 Arcane Tower
18:24 Arcane Tower
19:14 Castle
19:19 Cannon Tower
19:20 Cannon Tower
19:20 Cannon Tower
20:57 Farm
20:58 Farm
20:59 Farm
21:02 Guard Tower
21:06 Farm
21:07 Farm
21:07 Farm
21:36 Farm
21:39 Farm
21:40 Farm
» items
| Scroll of Town Portal | 3 | |
| Scroll of Healing | 1 | |
| Staff of Sanctuary | 2 | |
| Orb of Venom | 1 | |
7 total
team 2 (loser)
z2song (
purple | 125 APM | 3286 actions | 26:18)
4 Death Knight
2 Death Coil
1 Unholy Aura
1 Death Pact
2 Lich
1 Frost Nova
1 Dark Ritual
» actions
| Assign group hotkey | 74 | |
| Basic commands | 69 | |
| Build / train | 71 | |
| ESC pressed | 3 | |
| Enter build submenu | 17 | |
| Enter hero's abilities submenu | 6 | |
| Give item / drop item | 2 | |
| Right click | 1271 | |
| Select / deselect | 1051 | |
| Select group hotkey | 607 | |
| Use ability | 115 | |
3286 total
» units
| Acolyte | 7 | |
| Ghoul | 2 | |
| Crypt Fiend | 13 | |
| Obsidian Statue | 6 | |
| Abomination | 11 | |
39 total
» upgrades
| Burrow | 1 | |
| Disease Cloud | 1 | |
| Destroyer Form | 1 | |
| Web | 1 | |
4 total
» buildings
| Graveyard | 1 | |
| Crypt | 1 | |
| Altar of Darkness | 2 | |
| Ziggurat | 7 | |
| Tomb of Relics | 1 | |
| Halls of the Dead | 1 | |
| Spirit Tower | 2 | |
| Slaughterhouse | 2 | |
| Black Citadel | 1 | |
18 total
» build order
00:06 Graveyard
00:20 Crypt
00:44 Altar of Darkness
00:46 Altar of Darkness
00:58 Ziggurat
01:30 Tomb of Relics
02:08 Ziggurat
05:24 Halls of the Dead
05:27 Ziggurat
06:23 Ziggurat
07:26 Spirit Tower
08:45 Slaughterhouse
09:00 Black Citadel
09:12 Slaughterhouse
12:10 Spirit Tower
13:42 Ziggurat
21:08 Ziggurat
21:09 Ziggurat
» items
| Rod of Necromancy | 3 | |
| Dust of Appearance | 2 | |
| Scroll of Town Portal | 5 | |
| Potion of Healing | 2 | |
| Orb of Corruption | 4 | |
16 total
zyabc (
pink | 128 APM | 3356 actions | 26:11)
5 Archmage
3 Summon Water Elemental
2 Brilliance Aura
3 Mountain King
2 Storm Bolt
1 Bash
1 Lich
1 Frost Nova
» actions
| Assign group hotkey | 103 | |
| Basic commands | 68 | |
| Build / train | 101 | |
| ESC pressed | 4 | |
| Enter build submenu | 30 | |
| Enter hero's abilities submenu | 9 | |
| Give item / drop item | 3 | |
| Remove unit from queue | 1 | |
| Right click | 1592 | |
| Select / deselect | 564 | |
| Select group hotkey | 709 | |
| Use ability | 172 | |
3356 total
» units
| Peasant | 17 | |
| Footman | 18 | |
| Rifleman | 7 | |
| Sorceress | 2 | |
| Priest | 1 | |
| Spell Breaker | 3 | |
| Mortar Team | 4 | |
52 total
» upgrades
| Masonry | 1 | |
| Long Rifles | 1 | |
| Magic Sentry | 1 | |
| Gunpowder | 1 | |
| Lumber Harvesting | 1 | |
| Priest Training | 1 | |
6 total
» buildings
| Altar of Kings | 1 | |
| Barracks | 1 | |
| Farm | 8 | |
| Scout Tower | 12 | |
| Arcane Tower | 2 | |
| Lumber Mill | 1 | |
| Keep | 2 | |
| Guard Tower | 10 | |
| Arcane Vault | 1 | |
| Town Hall | 1 | |
| Blacksmith | 1 | |
| Arcane Sanctum | 1 | |
| Workshop | 1 | |
42 total
» build order
00:06 Altar of Kings
00:19 Barracks
00:33 Farm
00:54 Farm
01:37 Farm
02:28 Farm
03:03 Scout Tower
03:24 Arcane Tower
03:49 Scout Tower
03:52 Lumber Mill
04:09 Farm
04:53 Keep
05:40 Guard Tower
07:09 Arcane Vault
07:12 Scout Tower
07:12 Scout Tower
07:13 Scout Tower
07:59 Scout Tower
08:00 Guard Tower
08:35 Guard Tower
08:41 Scout Tower
09:05 Scout Tower
09:10 Town Hall
09:28 Guard Tower
09:44 Guard Tower
10:06 Keep
10:43 Blacksmith
11:28 Scout Tower
11:52 Farm
12:16 Scout Tower
12:34 Guard Tower
12:36 Scout Tower
13:35 Arcane Sanctum
14:19 Guard Tower
14:20 Guard Tower
14:44 Guard Tower
17:05 Workshop
17:41 Farm
18:14 Farm
18:56 Arcane Tower
21:44 Scout Tower
23:27 Guard Tower
» items
| Scroll of Regeneration | 5 | |
| Ivory Tower | 4 | |
| Potion of Healing | 3 | |
| Scroll of Town Portal | 2 | |
| Scroll of Healing | 2 | |
16 total
Chat log
(00:09 / Allies) dirtmcwordup: race?
(00:12 / Allies) Mata.: ud hu
(00:16 / Allies) dirtmcwordup: gay
(00:21 / Allies) dirtmcwordup: makin some hunt
(00:42 / Allies) dirtmcwordup: gonna madly harass huexpo
(00:44 / Allies) dirtmcwordup: huxpo
(00:46 / Allies) Mata.: expansion to mortar or something
(00:49 / Allies) dirtmcwordup: hxpo
(00:50 / Allies) dirtmcwordup: hupo
(01:08 / All) dirtmcwordup: gl hf
(03:15 / Allies) Mata.: brt
(03:24 / Allies) dirtmcwordup: got a foot and a worker
(04:23 / Allies) Mata.: what teh fuck
(04:24 / Allies) Mata.: gg
(04:39 / Allies) dirtmcwordup: coming
(04:44 / Allies) Mata.: kill hu base
(04:46 / Allies) dirtmcwordup: i think he fexpo here
(04:52 / Allies) dirtmcwordup: got a wicked feeling
(05:02 / Allies) Mata.: i'm gone
(05:03 / Allies) Mata.: gl
(05:24 / Allies) Mata.: were you serious
(05:26 / Allies) Mata.: about that
(05:27 / Allies) Mata.: btw
(05:30 / Allies) dirtmcwordup: he disappeared
(05:32 / Allies) dirtmcwordup: from his expo
(05:33 / Allies) Mata.: no
(05:34 / Allies) Mata.: he
(05:35 / Allies) Mata.: appeared
(05:37 / Allies) Mata.: in my fucking base
(05:53 / Allies) Mata.: he has nothing
(06:09 / Allies) Mata.: kill him
(06:32 / Allies) Mata.: you'd prob lose to the ud but atleast it'd be a 1v1
(10:01 / Allies) Mata.: bla bla all workers dead again
(10:23 / Allies) Mata.: need help
(10:57 / Allies) Mata.: hu is towered deep
(11:32 / Allies) dirtmcwordup: no tp
(11:57 / Allies) dirtmcwordup: lich
(11:58 / Allies) dirtmcwordup: plz
(13:21 / Allies) dirtmcwordup: huge wood porblmes
(13:22 / Allies) Mata.: only need lumber
(14:18 / Allies) Mata.: all milits sent
(14:20 / Allies) dirtmcwordup: getting tp
(14:25 / Allies) dirtmcwordup: adn scrolls
(16:42 / Allies) dirtmcwordup: did we win
(16:44 / Allies) dirtmcwordup: that fight
(17:04 / Allies) Mata.: all game i've had no idea
(17:06 / Allies) Mata.: if we doing good or bad
(17:34 / Allies) Mata.: we gotta kill pinks expo again
(17:43 / Allies) dirtmcwordup: when dh out
(18:23 / Allies) dirtmcwordup: lumb
(18:41 / Allies) dirtmcwordup: ready
(18:46 / Allies) Mata.: had to buy a tp
(19:07 / Allies) Mata.: okay
(19:35 / Allies) dirtmcwordup: intercepting
(20:10 / Allies) Mata.: this one we lost
(20:18 / Allies) Mata.: can we out
(21:21 / Allies) dirtmcwordup: gold before upkeep
(21:22 / Allies) dirtmcwordup: please
(22:00 / Allies) dirtmcwordup: kill they mort adn we win
(22:07 / Allies) Mata.: i have a lot of shit on teh way
(22:17 / Allies) Mata.: but it's not ready
(22:18 / Allies) Mata.: oh well
(22:23 / Allies) Mata.: gonna do best
(22:53 / Allies) Mata.: good staff
(22:57 / Allies) dirtmcwordup: yeah
(22:58 / Allies) dirtmcwordup: gave to kotg
(23:00 / Allies) dirtmcwordup: he had 1 alrdy
(24:17 / Allies) Mata.: i got it
(24:40 / Allies) Mata.: ok got super army now
(24:49 / Allies) dirtmcwordup: half to tranq/meta
(25:05 / Allies) dirtmcwordup: ud more of a pain than hu
(25:11 / Allies) Mata.: atm yes
(25:13 / Allies) dirtmcwordup: hu got towers anyway
(25:20 / Allies) Mata.: ud has base
(25:24 / Allies) dirtmcwordup: not hear
(25:25 / Allies) dirtmcwordup: here
(25:51 / Allies) Mata.: he hasnt had itlong
(26:04 / Allies) dirtmcwordup: keeping bear as caster
(26:15 / Allies) dirtmcwordup: mort ok
(26:15 / Allies) dirtmcwordup: go